 Dungeon Crawl Stone Soup version 0.27-a0-594-g2aaa8dbbc2 (webtiles) character file.

Game seed: 13303168188581562384

9 Gaff the Stinger (level 2, 19/19 HPs)
             Began as a Demonspawn Venom Mage on Mar 11, 2021.
             Got out of the dungeon alive.
             The game lasted 00:01:42 (509 turns).

Gaff the Stinger (Demonspawn Venom Mage)             Turns: 509, Time: 00:01:43

Health: 19/19      AC:  2    Str:  8    XL:     2   Next: 3%
Magic:  5/5        EV: 12    Int: 16    God:
Gold:   18         SH:  0    Dex: 13    Spells: 4/5 levels left

rFire    . . .     SeeInvis .   d - +0 club
rCold    . . .     Faith    .   (no shield)
rNeg     . . .     Spirit   .   a - +0 robe
rPois    .         Reflect  .   (no helmet)
rElec    .         Harm     .   (no cloak)
rCorr    .         Rampage  .   (no gloves)
Will     .....                  (no boots)
Stlth    ++........             (no amulet)
HPRegen  0.06/turn              (no ring)
MPRegen  0.09/turn              (no ring)

@: no status effects
A: hooves 1
a: no special abilities


You escaped.
You visited 1 branch of the dungeon, and saw 2 of its levels.

You collected 18 gold pieces.

Inventory:

Hand Weapons
 d - a +0 club (weapon)
Armour
 a - a +0 robe (worn)
 e - a +2 kite shield
Scrolls
 b - a scroll of identify {unknown}
Potions
 c - a potion of curing {unknown}


   Skills:
 + Level 1.9 Dodging
 - Level 1.7 Stealth
 + Level 2.1 Spellcasting
 - Level 0.8 Transmutations
 + Level 3.3 Poison Magic


You had 4 spell levels left.
You knew the following spells:

 Your Spells              Type           Power      Damage    Failure   Level
a - Sting                 Tmut/Pois      32%        1d4       9%          1

Your spell library contained the following spells:

 Spells                   Type           Power      Damage    Failure   Level
 Poisonous Vapours        Pois/Air       14%        N/A       16%         2
 Ignite Poison            Fire/Tmut/Pois 6%         N/A       34%         3
 Mephitic Cloud           Conj/Pois/Air  5%         N/A       36%         3
 Olgreb's Toxic Radiance  Pois           12%        N/A       45%         4


Dungeon Overview and Level Annotations

Branches:
Dungeon (2/15)

Altars:


Innate Abilities, Weirdness & Mutations

You have large cloven feet.


Message History

Nothing appears to happen.
Aiming: Sting (safe; 9% risk of failure)
Press: ? - help, Q - select action Shift-Dir - straight line, f/p - hobgoblin
Aim: a hobgoblin, wielding a +0 club (asleep, 0% to evade)
The sting hits the hobgoblin but does no damage.
The hobgoblin is poisoned.
The hobgoblin shouts!
Your magical contamination has completely faded away.
A dart slug comes into view.
You kill the hobgoblin!
Aiming: Sting (safe; 9% risk of failure)
Press: ? - help, Q - select action Shift-Dir - straight line, f - rat
Aim: a rat (32% to evade)
The sting hits the rat.
The rat is poisoned.
You kill the rat!
You start resting.
A dart slug is nearby!
Aiming: Sting (safe; 9% risk of failure)
Press: ? - help, Q - select action Shift-Dir - straight line, f - dart slug
Aim: a dart slug (0% to evade)
The sting hits the dart slug.
The dart slug is poisoned.
The dart slug is moderately wounded.
You feel a bit more experienced.
You have reached level 2!
Your demonic ancestry asserts itself...
Your feet thicken and deform.
Magic restored.
You see here a dart slug corpse.
You see here a rat corpse.
Things that are here:
a +0 club; a hobgoblin corpse You see here a +0 club.
Things that are here:
a +0 whip; a kobold skeleton
There is a large open door here.
There is a staircase leading out of the dungeon here.
Are you sure you want to leave the Dungeon?
This will make you lose the game! [Y]es or [N]o only, please.
Are you sure you want to leave the Dungeon?
This will make you lose the game!
You have escaped!

#...[.#...#.....#.##
#.....#...'..>..#...
#.....##.##.....#.##
######.#####'####.####'###.##
#####...##....[...##...##........
......#.##.#......##...##.......#
#####..>##.#####''###.########..#
##)###.# #.....##.##.....#..# #.#
#.# #..@..'...'.....#..# #)# #.#
#.....'...#.....##.# #.# #.#
#######...########.# #.#
#.#######....######.##.# #.#
#.........#.........##.#
#.###..######...##########.#
#......# ##.##### #.# #####.##
#.....# #.# #.# #####.#######..


There were no monsters in sight!

Vanquished Creatures
  A dart slug (D:1)
  2 goblins (D:1)
  A hobgoblin (D:1)
  A kobold (D:1)
  A rat (D:1)
6 creatures vanquished.

Notes
Turn   | Place    | Note
-------+----------+-------------------------------------------
     0 | D:1      | Gaff the Demonspawn Venom Mage began the quest for the Orb.
     0 | D:1      | Reached XP level 1. HP: 13/13 MP: 3/3
    93 | D:1      | You fall into a shaft and drop 1 floor!
   419 | D:1      | Gained mutation: You have large cloven feet. [demonic
                  | ancestry]
   419 | D:1      | Reached XP level 2. HP: 19/19 MP: 1/5
   509 | D:$      | Got out of the dungeon alive.

Illustrated notes

Levels and vault maps discovered:
D:1:      dpeg_arrival_houses_and_road, layout_loops_ring, minmay_quantized
D:2:      layout_basic, minivault_25, uniq_natasha

Action                   || total
-------------------------++-------
Melee: Club              ||     5
       Unarmed           ||     1
 Cast: Sting             ||     7
Armor: Robe              ||     3
Dodge: Dodged            ||     4

Table legend: (Time is in decaauts)
 A = Elapsed time spent in this place.
 B = Non-inter-level travel time spent in this place.
 C = Inter-level travel time spent in this place.
 D = Time resting spent in this place.
 E = Time spent auto-exploring this place.
 F = Levels seen in this place.
 G = Mean time per level.
                   A        B        C        D        E       F      G
               +--------+--------+--------+--------+--------+-----+--------+
         Total |    510 |    474 |     36 |      6 |    378 |   2 |  255.0 |
       Dungeon |    510 |    474 |     36 |      6 |    378 |   2 |  255.0 |
               +--------+--------+--------+--------+--------+-----+--------+

Top non-repeatable levels by time:
     D:1: 505 daAuts
     D:2: 4 daAuts
